 Dungeon Crawl Stone Soup version 0.21-a0-509-gecc5317 (webtiles) character file.

35 Gerstahl the Slasher (level 3, -2/36 HPs)
             Began as a Naga Monk on Nov 30, 2017.
             Slain by an adder (3 damage)
             ... on level 2 of the Dungeon.
             The game lasted 00:02:23 (1109 turns).

Gerstahl the Slasher (Naga Monk)                    Turns: 1109, Time: 00:02:24

Health: -2/36      AC:  2    Str: 13    XL:     3   Next: 35%
Magic:  3/3        EV: 10    Int: 10    God:
Gold:   41         SH:  0    Dex: 14    Spells: 2/2 levels left

rFire    . . .     SeeInvis +   a - +0 falchion
rCold    . . .     Gourm    .   (no shield)
rNeg     . . .     Faith    .   b - +0 robe
rPois    +         Spirit   .   (no helmet)
rElec    .         Reflect  .   (no cloak)
rCorr    .         Harm     .   (no gloves)
MR       .....                  (no barding)
Stlth    ++........             (no amulet)
HPRegen  0.12/turn              (no ring)
MPRegen  0.08/turn              (no ring)

@: short of breath, very slow
A: large, see invisible, deformed body, poison resistance, slowness 2, slow
metabolism 1, spit poison 1, AC +1
a: Spit Poison


You were on level 2 of the Dungeon.
You were not hungry.

You visited 1 branch of the dungeon, and saw 2 of its levels.

You collected 41 gold pieces.

Inventory:

Hand Weapons
 a - a +0 falchion (weapon)
Armour
 b - a +0 robe (worn)
Jewellery
 d - a cursed -4 ring of slaying {unknown}
 f - an uncursed amulet of the gourmand {unknown}
Scrolls
 h - 2 scrolls of identify {unknown}
 i - 2 scrolls of fog {unknown}
 k - a scroll of blinking {unknown}
Potions
 e - a potion of brilliance {unknown}
 g - 2 potions of lignification {unknown}
 l - a potion of degeneration {unknown}
Comestibles
 c - a bread ration
 j - a chunk of flesh
 m - a meat ration


   Skills:
 + Level 3.7 Fighting
 + Level 3.7 Long Blades
 - Level 2.4 Dodging
 - Level 3.0 Stealth


You had 2 spell levels left.
You didn't know any spells.

Dungeon Overview and Level Annotations

Branches:
Dungeon (2/15)

Altars:
Nemelex Xobeh


Innate Abilities, Weirdness & Mutations

You cannot wear boots.
Your serpentine skin is tough. (AC +1)
You have supernaturally acute eyesight. (SInv)
Armour fits poorly on your strangely shaped body.
Your system is resistant to poisons. (rPois)
You cover ground very slowly.
You have a slow metabolism.
You can spit poison.


Message History

The adder closely misses you.
You miss the adder.
The adder is almost dead.
You have got your breath back.
The adder barely misses you.
You riposte.
You closely miss the adder.
The adder is almost dead.
You closely miss the adder.
The adder is almost dead.
The adder bites you.
* * * LOW HITPOINT WARNING * * *
The adder bites you.
* * * LOW HITPOINT WARNING * * *
Press: ? - help, Shift-Dir - straight line, f - adder
Aim: an adder (almost dead)
The splash of poison misses the adder.
You feel slightly more hungry. The adder barely misses you.
You closely miss the adder.
The adder is almost dead.
The adder bites you.
You die...

##
#.#..##
#.#
.....#
#.#
#.#...
#.# ..#
#.# ##.##
#.#.#
##.## #.#
#@#
#....†S#
.......(#
........#
).......#
.......##
.##...#
####


You could see an adder.

Vanquished Creatures
  A dart slug (D:1)
  2 leopard geckos (D:1)
  5 bats
  2 hobgoblins (D:2)
  6 jackals (D:2)
  5 frilled lizards
  3 goblins (D:1)
  2 kobolds (D:1)
  4 rats
30 creatures vanquished.

Notes
Turn   | Place    | Note
-------+----------+-------------------------------------------
     0 | D:1      | Gerstahl the Naga Monk began the quest for the Orb.
     0 | D:1      | Reached XP level 1. HP: 21/21 MP: 1/1
   110 | D:1      | Reached XP level 2. HP: 17/28 MP: 2/2
   752 | D:2      | Found a sparkling altar of Nemelex Xobeh.
   781 | D:2      | Reached XP level 3. HP: 24/34 MP: 3/3
  1107 | D:2      | HP: 1/36 [adder (4)]
  1109 | D:2      | Slain by an adder

Vault maps used:
D:1:      dpeg_arrival_signposts
D:2:      kennysheep_ying_yang, nemelex_xobeh_ov_fountains_minmay,
          grunt_ministairs_3

Action                   || total
-------------------------++-------
Melee: Falchion          ||    79
 Abil: Spit Poison       ||    17
 Stab: Sleeping          ||     4
  Eat: Chunk             ||     1
Armor: Robe              ||    17
Dodge: Dodged            ||    58
       Rpst.: Falchion   ||    20

Table legend:
 A = Spawn XP
 B = Non-spawn XP
 C = Spawn XP percentage of total XP
 D = Spawn monster count
 E = Non-spawn monster count
 F = Spawn count percentage of total count
 G = Total turns spent on level
                    A         B        C        D         E        F      G
               +---------+---------+-------+---------+---------+-------+---------
         Total |       0 |      51 |   0.0 |       0 |      30 |   0.0 |  1109
               +---------+---------+-------+---------+---------+-------+---------
           D:1 |       0 |      29 |   0.0 |       0 |      17 |   0.0 |   752
           D:2 |       0 |      22 |   0.0 |       0 |      13 |   0.0 |   357
               +---------+---------+-------+---------+---------+-------+---------
